 Dungeon Crawl Stone Soup version 0.25.0-15-gac7dcb8919 (webtiles) character file.

Game seed: 5817924310595618968

2181 nojaa the Fighter (level 9, -4/60 HPs)
             Began as a Kobold Venom Mage on June 28, 2020.
             Slain by a hornet zombie (12 damage)
             ... on level 7 of the Dungeon.
             The game lasted 01:02:00 (10521 turns).

nojaa the Fighter (Kobold Venom Mage)              Turns: 10521, Time: 01:02:01

Health: -4/60      AC:  8    Str:  5    XL:     9   Next: 58%
Magic:  10/13      EV: 15    Int: 19    God:
Gold:   269        SH:  0    Dex: 16    Spells: 1/14 levels left

rFire    . . .     SeeInvis .   r - +0 falchion
rCold    . . .     Gourm    .   (shield restricted)
rNeg     . . .     Faith    .   a - +0 robe
rPois    .         Spirit   .   z - +2 helmet
rElec    .         Reflect  .   t - +0 cloak
rCorr    .         Harm     .   v - +1 pair of gloves
MR       .....                  (no boots)
Stlth    +.........             (no amulet)
HPRegen  0.20/turn              l - ring of wizardry
MPRegen  0.13/turn              y - ring of attention (curse)

@: mighty, lightly drained
A: small, carnivore
a: no special abilities


You were on level 7 of the Dungeon.
You were very full.

You visited 1 branch of the dungeon, and saw 7 of its levels.

You collected 269 gold pieces.

Inventory:

Hand Weapons
 f - a +1 hand axe
 o - a +0 dagger of draining
 r - a +0 falchion (weapon)
Missiles
 e - 13 javelins
 g - 176 stones (quivered)
Armour
 a - a +0 robe (worn)
 t - a +0 cloak (worn)
 v - a +1 pair of gloves (worn)
 z - a +2 helmet (worn)
Jewellery
 l - a ring of wizardry (left hand)
 m - an uncursed ring of magical power
 p - an uncursed ring of teleportation
 u - a +6 ring of intelligence
 y - a cursed ring of attention (right hand)
Wands
 h - a wand of disintegration (17)
Scrolls
 b - 2 scrolls of fog
 n - a scroll of blinking
 w - a scroll of enchant armour {unknown}
 B - a scroll of teleportation
Potions
 d - 2 potions of cancellation
 i - 2 potions of lignification
 j - a potion of degeneration
 q - a potion of berserk rage {unknown}
 s - a potion of invisibility
 x - a potion of curing
 A - a potion of resistance {unknown}
 C - a potion of heal wounds {unknown}
Comestibles
 c - 12 rations


   Skills:
 * Level 8.7(8.3) Fighting
 - Level 2.4(2.0) Dodging
 - Level 2.6(2.3) Stealth
 - Level 3.1(2.7) Spellcasting
 - Level 4.3(3.9) Conjurations
 - Level 3.0(2.6) Transmutations
 - Level 1.1(0.7) Fire Magic
 - Level 3.0(2.6) Air Magic
 - Level 6.4(6.0) Poison Magic


You had one spell level left.
You knew the following spells:

 Your Spells              Type           Power        Failure   Level  Hunger
a - Sting                 Tmut/Pois      ###.         1%          1    None
b - Poisonous Vapours     Pois/Air       ###...       1%          2    ##.....
c - Mephitic Cloud        Conj/Pois/Air  ###.....     3%          3    ###....
d - Olgreb's Toxic Radia  Pois           ####....     5%          4    ####...
e - Ignite Poison         Fire/Tmut/Pois ##......     5%          3    ###....

Your spell library contained the following spells:

 Spells                   Type           Power        Failure   Level  Hunger


Dungeon Overview and Level Annotations

Branches:
Dungeon (7/15)
 Temple: D:4-7

Altars:
Nemelex Xobeh

Annotations:
D:7 3 runed translucent doors, exclusion: 3 doors


Innate Abilities, Weirdness & Mutations

You are small and have problems with some larger weapons.
You are carnivorous and can eat meat at any time.


Message History

The hornet zombie is heavily damaged.
The hornet zombie hits you. The hornet zombie closely misses you.
You riposte.
You hit the hornet zombie but do no damage.
The hornet zombie is heavily damaged.
You hit the hornet zombie.
The hornet zombie is heavily damaged.
The hornet zombie barely misses you. The hornet zombie hits you!
* * * LOW HITPOINT WARNING * * *
You hit the hornet zombie but do no damage.
The hornet zombie is heavily damaged.
The hornet zombie hits you!
* * * LOW HITPOINT WARNING * * *
You feel better. The hornet zombie barely misses you. x2
You feel very mighty all of a sudden. The hornet zombie hits you.
* * * LOW HITPOINT WARNING * * *
You closely miss the hornet zombie.
The hornet zombie is heavily damaged.
The hornet zombie barely misses you. The hornet zombie hits you!
You die...

.....#####
...###.. .. ..#
..##.... #. ..#
.##?...# #.# ..#
.#....# /.
#..#..# .#....#
...##.....
.+...##
...#..... 5+...#
..Z#..?Z# .+...#
## #@# .#...##
..# #<# .#.Z..#
#..# #.#
.##....###...
..# ..###.......
..## ....###...#
#..#
......#####....#
#####..........#
#######.##.#.#.#


You could see a bullfrog simulacrum and a hornet zombie.

Vanquished Creatures
  A sky beast (D:7)
  An ice beast (D:7)
  A necrophage (D:5)
  An ogre (D:4)
  4 centaurs (D:6)
  Blork the orc (D:5)
  A bullfrog (D:6)
  A water moccasin zombie (D:5)
  2 scorpions
  3 wights (D:7)
  A crimson imp (D:7)
  A howler monkey (D:4)
  4 bullfrog zombies (D:5)
  A quasit (D:6)
  2 bullfrog skeletons
  A centaur zombie (D:5)
  3 hounds
  3 orc priests
  2 orc wizards
  3 iguanas
  Terence (D:3)
  7 worker ants
  A killer bee zombie (D:5)
  A hound zombie (D:7)
  A gnoll (D:5)
  A howler monkey skeleton (D:5)
  10 adders
  A shadow imp (D:6)
  4 worms
  3 dart slugs
  6 leopard geckos
  10 orcs
  14 giant cockroaches
  6 hobgoblins
  10 jackals
  5 quokkas
  2 ball pythons (D:4)
  7 bats
  5 frilled lizards
  2 giant cockroach zombies (D:5)
  10 goblins
  5 kobolds
  A quokka skeleton (D:5)
  3 quokka zombies
  9 rats
162 creatures vanquished.

Notes
Turn   | Place    | Note
-------+----------+-------------------------------------------
     0 | D:1      | nojaa the Kobold Venom Mage began the quest for the Orb.
     0 | D:1      | Reached XP level 1. HP: 10/10 MP: 3/3
   308 | D:1      | Reached XP level 2. HP: 13/15 MP: 0/5
   536 | D:1      | Reached XP level 3. HP: 19/19 MP: 3/6
   568 | D:1      | Learned a level 2 spell: Poisonous Vapours
   572 | D:1      | Learned a level 3 spell: Mephitic Cloud
  1642 | D:2      | Reached XP level 4. HP: 24/24 MP: 5/7
  1896 | D:2      | Noticed Terence
  2824 | D:3      | Reached XP level 5. HP: 18/28 MP: 3/8
  3198 | D:3      | Killed Terence
  3198 | D:3      | Reached skill level 5 in Poison Magic
  3734 | D:3      | Reached XP level 6. HP: 32/32 MP: 4/9
  3803 | D:3      | Reached skill level 1 in Air Magic
  4924 | D:4      | Reached skill level 1 in Conjurations
  4935 | D:4      | Reached XP level 7. HP: 30/36 MP: 0/10
  5719 | D:4      | Learned a level 4 spell: Olgreb's Toxic Radiance
  6120 | D:5      | Entered Level 5 of the Dungeon
  6172 | D:5      | Reached XP level 8. HP: 9/41 MP: 11/11
  6448 | D:5      | Noticed Blork the orc
  6458 | D:5      | Killed Blork the orc
  7064 | D:5      | Learned a level 3 spell: Ignite Poison
  7134 | D:5      | Reached skill level 1 in Fire Magic
  7269 | D:5      | Reached skill level 2 in Fighting
  7799 | D:5      | Reached skill level 3 in Fighting
  8158 | D:5      | Reached skill level 4 in Fighting
  8915 | D:6      | Reached skill level 5 in Fighting
  9076 | D:6      | Reached XP level 9. HP: 49/55 MP: 3/13
  9244 | D:6      | Reached skill level 6 in Fighting
  9591 | D:6      | Reached skill level 7 in Fighting
  9845 | D:7      | Found a sparkling altar of Nemelex Xobeh.
 10031 | D:7      | Reached skill level 8 in Fighting
 10103 | D:7      | Found a runed translucent gate.
 10103 | D:7      | Found a runed translucent gate.
 10103 | D:7      | Found a runed translucent gate.
 10518 | D:7      | HP: 1/60 [hornet zombie (8)]
 10521 | D:7      | Slain by a hornet zombie

Illustrated notes

Levels and vault maps discovered:
D:1:      dpeg_arrival_ratfight, layout_loops_ring
D:2:      minmay_roachtagon, layout_loops_ring, first_ration,
          kennysheep_generic_room_8, uniq_terence
D:3:      layout_basic
D:4:      layout_basic, minmay_checkerbox
D:5:      layout_layer_cave, serial_undead, serial_undead_f, serial_undead_b,
          serial_undead_a, serial_undead_f, corexii_leaking_fountain,
          kennysheep_path_1, uniq_blork_the_orc
D:6:      layout_cave_pools
D:7:      layout_loops_ring, grunt_dithmenos_smoke,
          minmay_temple_entry_mini_moons, basic_altar, serial_shops, shop,
          gammafunk_ghost_icy, the_bakery

Skill      XL: |  1  2  3  4  5  6  7  8  9 |
---------------+----------------------------+-----
Transmutations | 2 3 |  3.0
Poison Magic   | 4 5 6 |  6.4
Air Magic      | 3 |  3.0
Conjurations   | 1 4 |  4.3
Spellcasting   | 3 |  3.1
Fire Magic     | 1 |  1.1
Fighting       | 5 8 |  8.7
Dodging        | |  2.4
Stealth        | |  2.6

Action                   |  1- 3 |  4- 6 |  7- 9 || total
-------------------------+-------+-------+-------++-------
Melee: Hand axe          |     8 |       |       ||     8
       Falchion          |       |    20 |   213 ||   233
       Dagger            |       |     1 |       ||     1
Throw: Stone             |       |       |     1 ||     1
 Cast: Sting             |    49 |   128 |    86 ||   263
       Poisonous Vapours |       |     4 |    50 ||    54
       Mephitic Cloud    |       |       |    21 ||    21
       Ignite Poison     |       |       |    15 ||    15
  Use: Scroll            |     7 |     3 |     3 ||    13
       Potion            |       |     1 |     3 ||     4
 Stab: Sleeping          |       |       |     1 ||     1
       Confused          |       |       |     4 ||     4
  Eat: Chunk             |    11 |    11 |    24 ||    46
Armor: Robe              |     3 |       |    84 ||    87
       Leather armour    |     3 |    68 |     2 ||    73
Dodge: Dodged            |    17 |   223 |   315 ||   555
       Rpst.: Falchion   |       |    27 |   102 ||   129
